 Dungeon Crawl Stone Soup version 0.18.1-48-g4cf74bf (webtiles) character file.

116 Lennu the Chiller (level 5, -5/37 HPs)
             Began as a Merfolk Ice Elementalist on June 29, 2016.
             Slain by loom's ghost (12 damage)
             ... on level 3 of the Dungeon.
             The game lasted 00:09:55 (2330 turns).

Lennu the Chiller (Merfolk Ice Elementalist)        Turns: 2330, Time: 00:09:55

Health: -5/37      AC:  5    Str:  9    XL:     5   Next: 1%
Magic:  8/8        EV: 13    Int: 14    God:
Gold:   112        SH:  0    Dex: 15    Spells: 2 memorised, 5 levels left

rFire  . . .     SeeInvis .     q - -1 halberd (curse)
rCold  . . .     Gourm    .     e - +0 leather armour
rNeg   . . .     Faith    .     (shield currently unavailable)
rPois  .         Spirit   .     l - +0 helmet
rElec  .         Dismiss  .     j - +0 cloak
rCorr  .         Reflect  .     (no gloves)
SustAt .         Harm     .     (no boots)
MR     .....                    (no amulet)
Stlth  ++........               (no ring)
                                (no ring)

@: not resistant to hostile enchantments, unstealthy
A: change form in water, swift swim
a: no special abilities


You were on level 3 of the Dungeon.
You were hungry.

You visited 1 branch of the dungeon, and saw 3 of its levels.

You collected 112 gold pieces.

Inventory:

Hand Weapons
 p - a +0 flail
 q - a cursed -1 halberd (weapon)
Armour
 e - a +0 leather armour (worn)
 j - a +0 cloak (worn)
 l - a +0 helmet (worn)
Scrolls
 d - 3 scrolls of identify
 f - 2 scrolls of fog
 g - a scroll of enchant weapon
 i - a scroll of blinking
Potions
 a - a potion of invisibility {unknown}
 h - a potion of resistance {unknown}
 k - 4 potions of curing
Books
 b - a book of Frost

   Spells                             Type                      Level
   a - Freeze                         Ice                          1
   b - Throw Frost                    Conjuration/Ice              2
   c - Ozocubu's Armour               Charms/Ice                   3
   d - Throw Icicle                   Conjuration/Ice              4
   e - Summon Ice Beast               Ice/Summoning                4
Comestibles
 c - a bread ration
 m - 3 chunks of flesh


   Skills:
 * Level 1.3 Fighting
 * Level 1.3 Polearms
 * Level 0.4 Armour
 * Level 3.8 Dodging
 - Level 2.4 Stealth
 + Level 2.5 Spellcasting
   Level 0.7 Conjurations
 * Level 0.9 Charms
 + Level 4.1 Ice Magic


You had 5 spell levels left.
You knew the following spells:

 Your Spells              Type           Power        Failure   Level  Hunger
a - Freeze                Ice            ##..         8%          1    #......
b - Ozocubu's Armour      Chrm/Ice       #.......     34%         3    ###....


Dungeon Overview and Level Annotations

Branches:
Dungeon (3/15)

Altars:

Annotations:
D:3 loom's ghost, amateur TrMo


Message History

Loom's ghost hits you!
* * * LOW HITPOINT WARNING * * *
You closely miss loom's ghost. Loom's ghost hits you.
* * * LOW HITPOINT WARNING * * *
Loom's ghost closely misses you.
You barely miss loom's ghost. Loom's ghost misses you.
You hit loom's ghost.
Loom's ghost is lightly damaged.
Loom's ghost closely misses you. Loom's ghost misses you.
You are feeling hungry.
You hit loom's ghost but do no damage.
Loom's ghost is lightly damaged.
Your icy armour evaporates.
Loom's ghost barely misses you.
You hit loom's ghost.
Loom's ghost is lightly damaged.
Loom's ghost closely misses you.
Loom's ghost whispers, "Trust me.
Just give in."
Loom's ghost hits you!
You die...

#..# #..# ###
#..## #.. ....#
!..####.###..>#
..............#
..####.##....##..(
#.##W........
#.##@#..#....
#..)....# ...
#.......##.#.##
#######.##.#.#
#.##.#.. #.##.####
.....# #.#### ..#


You could see loom's ghost.

Vanquished Creatures
  4 gnolls (D:3)
  2 adders
  A worm (D:2)
  3 giant geckos
  An orc (D:2)
  7 bats
  A giant cockroach (D:1)
  9 goblins
  5 hobgoblins
  4 kobolds
  2 quokkas (D:2)
  4 giant newts
  9 rats
52 creatures vanquished.

Notes
Turn   | Place    | Note
--------------------------------------------------------------
     0 | D:1      | Lennu the Merfolk Ice Elementalist began the quest for the Orb.
     0 | D:1      | Reached XP level 1. HP: 13/13 MP: 3/3
   257 | D:1      | Reached XP level 2. HP: 16/19 MP: 1/5
   655 | D:1      | Reached skill level 4 in Ice Magic
   674 | D:1      | Reached XP level 3. HP: 24/24 MP: 6/6
   693 | D:1      | Learned a level 3 spell: Ozocubu's Armour
  1774 | D:2      | Reached XP level 4. HP: 13/31 MP: 4/7
  2271 | D:3      | Reached skill level 1 in Fighting
  2298 | D:3      | Reached skill level 1 in Polearms
  2298 | D:3      | Reached XP level 5. HP: 13/37 MP: 4/8
  2300 | D:3      | Noticed loom's ghost (amateur TrMo)
  2330 | D:3      | Slain by loom's ghost

Skill      XL: |  1  2  3  4 |
---------------+-------------+-----
Dodging        | 3 |  3.8
Ice Magic      | 4 |  4.1
Fighting       | 1 |  1.3
Polearms       | 1 |  1.3
Armour         | |  0.4
Stealth        | |  2.4
Spellcasting   | |  2.5
Conjurations   | |  0.7
Charms         | |  0.9

Action                   |  1- 3 |  4- 6 || total
-------------------------+-------+-------++-------
Melee: Club              |    45 |       ||    45
       Unarmed           |    10 |       ||    10
       Flail             |    21 |       ||    21
       Halberd           |     5 |    62 ||    67
 Cast: Freeze            |    29 |     1 ||    30
       Ozocubu's Armour  |       |     2 ||     2
  Use: Scroll            |     8 |       ||     8
       Potion            |       |     1 ||     1
 Stab: Sleeping          |    11 |     2 ||    13
  Eat: Chunk             |     3 |     2 ||     5
Armor: Robe              |    13 |     1 ||    14
       Leather armour    |       |    20 ||    20
Dodge: Dodged            |    84 |    49 ||   133
